 Dungeon Crawl Stone Soup version 0.19.4-8-ga85b6b9 (webtiles) character file.

1939 Heskey the Skirmisher (level 8, -2/68 HPs)
             Began as a Demonspawn Fighter on Feb 9, 2017.
             Was a Follower of Makhleb.
             Slain by an orc warrior
             ... wielding a +5 halberd of protection
              (22 damage)
             ... on level 7 of the Dungeon.
             The game lasted 00:13:34 (6170 turns).

Heskey the Skirmisher (Demonspawn Fighter)          Turns: 6170, Time: 00:13:35

Health: -2/68      AC: 14    Str: 18    XL:     8   Next: 97%
Magic:  17/17      EV:  3    Int: 11    God:    Makhleb [*.....]
Gold:   166        SH: 10    Dex: 14    Spells: 0 memorised, 7 levels left

rFire  . . .     SeeInvis .     a - +0 long sword
rCold  . . .     Gourm    .     o - +0 plate armour
rNeg   . . .     Faith    .     c - +0 shield
rPois  +         Spirit   .     (no helmet)
rElec  .         Reflect  .     (no cloak)
rCorr  .         Harm     .     (no gloves)
MR     .....                    (no boots)
Stlth  ..........               (no amulet)
                                d - ring of flight
                                w - ring of magical power

@: no status effects
A: hooves 2, yellow scales 1, clever 1, demonic guardian 1, poison resistance,
powered by death 1, subdued magic 1
a: Renounce Religion, Evoke Flight


You were on level 7 of the Dungeon.
You worshipped Makhleb.
Makhleb was aware of your devotion.
You were not hungry.

You visited 2 branches of the dungeon, and saw 8 of its levels.

You collected 376 gold pieces.
You spent 210 gold pieces at shops.

Inventory:

Hand Weapons
 a - a +0 long sword (weapon)
Armour
 c - a +0 shield (worn)
 o - a +0 plate armour (worn)
Jewellery
 d - a ring of flight (right hand)
 m - an uncursed ring of protection from cold {unknown}
 w - a ring of magical power (left hand)
 y - an uncursed ring of protection from magic {unknown}
 A - an uncursed ring of resist corrosion {unknown}
Wands
 n - a wand of iceblast (8/15)
 x - a wand of disintegration (14/24)
 z - a wand of iceblast (6/15)
Scrolls
 i - 2 scrolls of identify
 k - 4 scrolls of remove curse
 l - a scroll of fear
 p - a scroll of enchant armour {unknown}
 q - 2 scrolls of enchant weapon
 t - a scroll of amnesia
 v - a scroll of recharging {unknown}
Potions
 e - 2 potions of curing
 g - a potion of lignification
 s - 2 potions of heal wounds
Books
 u - a book of Geomancy

   Spells                             Type                      Level
   a - Sandblast                      Earth                        1
   b - Passwall                       Transmutation/Earth          2
   c - Stone Arrow                    Conjuration/Earth            3
   d - Petrify                        Transmutation/Earth          4
   e - Lee's Rapid Deconstruction     Earth                        5
Comestibles
 b - a beef jerky
 f - 3 bread rations
 h - 2 meat rations
 j - 4 slices of pizza
 r - a royal jelly


   Skills:
 * Level 7.8 Fighting
 + Level 5.1 Long Blades
 + Level 5.6 Armour
 + Level 5.3 Shields


You had 7 spell levels left.
You didn't know any spells.

Dungeon Overview and Level Annotations

Branches:
Dungeon (7/15)             Temple (1/1) D:4

Altars:
Cheibriados
Fedhas
Makhleb
Ru
Uskayaw
Vehumet
Xom

Shops:
D:4 !

Annotations:
D:5 Grinder


Innate Abilities, Weirdness & Mutations

You have hoof-like feet.
You are partially covered in yellow scales. (AC +2)
A weak demonic guardian rushes to your aid.
You regenerate a little health from kills.
Your mind is acute. (Int +2)
Your system is resistant to poisons. (rPois)
Your spells are a little easier to cast, but a little less powerful.


Message History

The orc warrior is lightly wounded.
You block the orc's attack.
The orc warrior hits you with a halberd of protection!
You barely miss the orc warrior.
You kick the orc warrior, but do no damage.
The orc warrior is lightly wounded.
The orc hits you but does no damage.
The orc warrior hits you with a halberd of protection.
You hit the orc warrior but do no damage.
Your kick misses the orc warrior.
The orc warrior is lightly wounded.
The orc completely misses you.
The orc warrior hits you with a halberd of protection!
The orc hits you from afar with a trident.
* * * LOW HITPOINT WARNING * * *
You swap places.
Your white imp gestures at the orc warrior.
The puff of frost hits the orc warrior.
The orc warrior appears unharmed.
The orc warrior hits you from afar with a halberd of protection!!
You die... #.####.#####..#### #.# #.# #...... #.####.# #.##### #......# #.# ######### #.# oo#

######.##### #o#
###........... #5#
#.....##.#####
#@###.###.##......
#5....# #.########
#####.###.#
#.....# #######


You could see an orc warrior, 2 orcs, a friendly white imp and a friendly
ufetubus.

Vanquished Creatures
  Sigmund (D:5)
  Menkaure (D:7)
  A centaur (D:5)
  2 phantoms
  An ogre (D:6)
  A big kobold (D:7)
  2 bullfrogs
  A scorpion (D:6)
  A crimson imp (D:6)
  3 centaur zombies
  2 hounds
  An orc priest (D:6)
  An iguana (D:7)
  An orc wizard (D:6)
  A worker ant (D:7)
  Natasha (twice) (D:3)
  8 adders
  2 gnolls (D:2)
  An ooze (D:2)
  An adder zombie (D:3)
  5 worms
  2 dart slugs
  2 leopard geckos (D:1)
  7 orcs
  6 bats
  5 giant cockroaches
  2 goblins
  8 hobgoblins
  3 jackals (D:2)
  3 quokkas
  4 frilled lizards
  7 kobolds
  A quokka skeleton (D:4)
  11 rats
100 creatures vanquished.

Vanquished Creatures (collateral kills)
  The ghost of Xiguana the Skirmisher, an amateur DrCK of Xom (D:5)
  A black bear (D:7)
  An ogre (D:6)
  A bullfrog (D:6)
  A howler monkey (D:6)
  A crimson imp (D:6)
  A hound (D:6)
  Natasha (D:3)
  A worker ant (D:5)
  A hound zombie (D:6)
  A gnoll (D:2)
  A shadow imp (D:6)
  An adder skeleton (D:6)
  A quokka (D:5)
14 creatures vanquished.

Grand Total: 114 creatures vanquished

Notes
Turn   | Place    | Note
-------+----------+-------------------------------------------
     0 | D:1      | Heskey the Demonspawn Fighter began the quest for the Orb.
     0 | D:1      | Reached XP level 1. HP: 18/18 MP: 1/1
   154 | D:1      | Gained mutation: A weak demonic guardian rushes to your aid. [demonic ancestry]
   154 | D:1      | Reached XP level 2. HP: 15/24 MP: 2/2
   366 | D:1      | You fall through a shaft!
   703 | D:2      | Found a sacrificial altar of Ru.
   708 | D:2      | Reached XP level 3. HP: 26/29 MP: 3/3
  1531 | D:2      | Gained mutation: You have large cloven feet. [demonic ancestry]
  1531 | D:2      | Reached XP level 4. HP: 37/37 MP: 4/4
  1841 | D:2      | Reached skill level 4 in Fighting
  2265 | D:3      | Noticed Natasha
  2272 | D:3      | Killed Natasha
  2272 | D:3      | Gained mutation: You are partially covered in yellow scales. (AC +2) [demonic ancestry]
  2272 | D:3      | Reached XP level 5. HP: 36/42 MP: 5/5
  2488 | D:3      | Noticed Natasha
  2500 | D:3      | Killed Natasha
  2709 | D:3      | Noticed Natasha
  2719 | D:3      | Killed Natasha
  3237 | D:4      | Found Ykurghur's Distillery.
  3244 | D:4      | Bought a potion of heal wounds for 70 gold pieces
  3244 | D:4      | Bought a potion of heal wounds for 70 gold pieces
  3244 | D:4      | Bought a potion of heal wounds for 70 gold pieces
  3244 | D:4      | Gained mutation: Your mind is acute. (Int +2) [potion of mutation]
  3244 | D:4      | Gained mutation: Your system is resistant to poisons. (rPois) [potion of mutation]
  3244 | D:4      | Gained mutation: Your spells are a little easier to cast, but a little less powerful. [potion of mutation]
  3295 | D:4      | Found a staircase to the Ecumenical Temple.
  3436 | Temple   | Entered the Ecumenical Temple
  3451 | Temple   | Became a worshipper of Makhleb the Destroyer
  3728 | D:5      | Entered Level 5 of the Dungeon
  3768 | D:5      | Gained mutation: You regenerate a little health from kills. [demonic ancestry]
  3768 | D:5      | Reached XP level 6. HP: 46/49 MP: 6/6
  3798 | D:5      | Found a hide-covered altar of Uskayaw.
  3936 | D:5      | Noticed Grinder
  4086 | D:5      | Noticed Xiguana's ghost (amateur DrCK)
  4150 | D:5      | Killed Xiguana's ghost
  4150 | D:5      | Reached skill level 5 in Fighting
  4197 | D:5      | Noticed Sigmund
  4206 | D:5      | Killed Sigmund
  4206 | D:5      | Reached XP level 7. HP: 55/56 MP: 7/7
  4553 | D:6      | Reached * piety under Makhleb
  4553 | D:6      | Reached skill level 6 in Fighting
  4553 | D:6      | HP: 2/58 [phantom (1)]
  4816 | D:6      | Gained mutation: You have hoof-like feet. [demonic ancestry]
  4816 | D:6      | Reached XP level 8. HP: 61/65 MP: 8/8
  5462 | D:7      | Reached skill level 7 in Fighting
  5462 | D:7      | Reached skill level 5 in Armour
  5462 | D:7      | Reached skill level 5 in Shields
  5721 | D:7      | Reached skill level 5 in Long Blades
  5765 | D:7      | Noticed Menkaure
  5772 | D:7      | Killed Menkaure
  6170 | D:7      | Slain by an orc warrior

Skill      XL: |  1  2  3  4  5  6  7  8 |
---------------+-------------------------+-----
Long Blades    | 2 3 4 5 |  5.1
Shields        | 3 4 5 |  5.3
Armour         | 3 4 5 |  5.6
Fighting       | 4 5 6 7 |  7.8

Action                   |  1- 3 |  4- 6 |  7- 9 || total
-------------------------+-------+-------+-------++-------
Melee: Long sword        |   125 |   223 |   279 ||   627
       Kick              |       |    57 |   102 ||   159
  Use: Potion            |     1 |     9 |     3 ||    13
       Scroll            |       |       |     7 ||     7
 Stab: Distracted        |       |     1 |     1 ||     2
  Eat: Chunk             |     2 |     1 |     1 ||     4
       Bread ration      |       |     1 |     1 ||     2
       Meat ration       |       |     1 |       ||     1
       Beef jerky        |       |       |     1 ||     1
Armor: Scale mail        |    65 |    53 |       ||   118
       Skin              |       |     5 |       ||     5
       Chain mail        |       |    58 |     5 ||    63
       Plate armour      |       |       |   176 ||   176
Dodge: Dodged            |    48 |    48 |    39 ||   135
Block: Shield            |    69 |   115 |   125 ||   309
       Rpst.: Long sword |    14 |    20 |     9 ||    43
